 Dungeon Crawl Stone Soup version 0.31-a0-1074-g0b22e4e0f1 (webtiles) character file.

Game seed: 13989703170324668186

12631 Hubris850 the Grappler (level 11, -8/84 HPs)
             Began as a Grey Draconian Shapeshifter on Dec 8, 2023.
             Was a Believer of Makhleb.
             Killed from afar by a bog body (18 damage)
             ... with a bolt of cold
             ... on level 2 of the Lair of Beasts.
             The game lasted 00:31:36 (10235 turns).

Hubris850 the Grappler (DrSh)                      Turns: 10235, Time: 00:31:36

Health: -8/84      AC: 14    Str: 21    XL:     11   Next: 65%
Magic:  24/24      EV: 15    Int: 11    God:    Makhleb [**....]
Gold:   527        SH:  5    Dex: 13    Spells: 15/16 levels left

rFire   + + .        a - melded +7 falchion of the Beloved God {speed, Fragile +Blink Will+}
rCold   . . .        (shield currently unavailable)
rNeg    . . .        (body armour unavailable)
rPois   +            (helmet restricted)
rElec   .            s - -1 cloak of Qois Puy {Stlth+}
rCorr   +            H - +0 pair of gloves
SInv    .            u - +0 pair of boots
Will    .....        m - amulet "Izeg" {Reflect rPois rF+ rCorr Str+3 SH+5}
Stlth   ++           d - ring of magical power
HPRegen 0.34/turn    e - ring of protection from fire
MPRegen 0.19/turn

%: reflection
@: mighty, flux-form, slowed, glowing, studying Translocations, very slow
A: glow, contaminating, AC +12, amphibious, unfitting armour, cold-blooded
a: Begin Untransformation, Renounce Religion, Minor Destruction


You were on level 2 of the Lair of Beasts.
You worshipped Makhleb.
Makhleb was pleased with you.
You were something dangerously unstable.
You visited 3 branches of the dungeon, and saw 12 of its levels.

You collected 698 gold pieces.
You spent 171 gold pieces at shops.

Inventory:

Hand Weapons
 a - the +7 falchion of the Beloved God (melded) {speed, Fragile +Blink Will+}
   (You found it on level 3 of the Dungeon)

   Will+:     It increases your willpower.
   +Blink:    It lets you blink.
   Fragile:   It will be destroyed if unequipped.
 b - a +1 sling of draining
 n - a +2 short sword of venom
 q - the +7 hand axe of the Messenger {protect, rElec rC- Int+7}
   (You found it on level 2 of the Dungeon)

   Int+7:     It affects your intelligence (+7).
   rC-:       It makes you vulnerable to cold.
   rElec:     It insulates you from electricity.
 F - a +4 battleaxe of flaming
Missiles
 k - 5 atropa-tipped darts
 y - 25 boomerangs (quivered)
 I - 3 poisoned darts
Armour
 s - the -1 cloak of Qois Puy (worn) {Stlth+}
   (You bought it in a shop on level 3 of the Dungeon)

   Stlth+:    It makes you more stealthy.
 u - a +0 pair of boots (worn)
 H - a +0 pair of gloves (worn)
 K - an orb of mayhem
Magical Staves
 z - a staff of cold
Jewellery
 d - a ring of magical power (left hand)
 e - a ring of protection from fire (right hand)
 m - the amulet "Izeg" (around neck) {Reflect rPois rF+ rCorr Str+3 SH+5}
   (You acquired it on level 7 of the Dungeon)

   [amulet of reflection]

   Reflect:   It reflects blocked missile attacks.
   Str+3:     It affects your strength (+3).
   rF+:       It protects you from fire.
   rPois:     It protects you from poison rCorr: It protects you from acid and
   corrosion.
   SH+5:      It affects your SH (+5).
 L - an amulet of magic regeneration
Talismans
 c - a flux talisman (active)
 g - a beast talisman
Wands
 l - a wand of roots (12)
 o - a wand of polymorph (1)
 C - a wand of paralysis (4)
 D - a wand of flame (8)
Scrolls
 f - a scroll of vulnerability
 h - 2 scrolls of revelation
 j - a scroll of summoning
 p - 3 scrolls of silence
 t - a scroll of enchant weapon {unknown}
 w - 4 scrolls of teleportation
 x - a scroll of amnesia {unknown}
 B - a scroll of noise {unknown}
 G - a scroll of poison {unknown}
Potions
 i - a potion of curing
 r - 2 potions of brilliance
 v - 2 potions of attraction
 E - a potion of ambrosia
 J - a potion of berserk rage


   Skills:
 - Level 4.0 Fighting
 - Level 8.0 Dodging
 - Level 3.0 Stealth
 - Level 10.2 Unarmed Combat
 - Level 3.1 Spellcasting
 - Level 3.4 Conjurations
 + Level 6.3 Invocations
 - Level 10.0 Shapeshifting


You had 15 spell levels left.
You knew the following spells:

 Your Spells              Type           Power      Damage    Failure   Level
a - Foxfire               Conj/Fire      20%        2x1d5     13%         1

Your spell library contained the following spells:

 Spells                   Type           Power      Damage    Failure   Level
 Magic Dart               Conj           36%        1d4       6%          1
 Call Imp                 Summ           2%         N/A       36%         2
 Mephitic Cloud           Conj/Pois/Air  4%         N/A       45%         3
 Plasma Beam              Fire/Air       0%         2x1d10    100%        6
 Starburst                Conj/Fire      2%         6d3       100%        6


Dungeon Overview and Level Annotations

Branches:
Dungeon (9/15)             Temple (1/1) D:7            Lair (2/5) D:8
  Swamp: Lair:2-3    Shoals: Lair:2-3     Snake: Lair:2-3    Spider: Lair:2-3
    Orc: D:9-12

Altars:
Ashenzari
Cheibriados
Dithmenos
Elyvilon
Fedhas
Gozag
Hepliaklqana
Kikubaaqudgha
Makhleb
Nemelex Xobeh
Okawaru
Qazlal
Ru
Sif Muna
Trog
Uskayaw
Vehumet
Wu Jian
Xom
Yredelemnul
Zin
The Shining One

Shops:
D:3 [?[

Annotations:
Lair:1 exclusion: oklob plant


Innate Abilities, Weirdness & Mutations

You are something dangerously unstable.
You glow with magical radiation, making you easy to see and hit.
Foes you strike become dangerously contaminated with magical radiation.
You are incapable of wielding weapons or throwing items.
Your dull iron-grey scales are very hard. (AC +12)
You are amphibious.
You cannot fit into any form of body armour.
You are cold-blooded and may be slowed by cold attacks.


Message History

Press: ? - help, Shift-Dir - straight line, f/p - bog body
Aim: a bog body (lightly damaged, 72% to hit)
The puff of flame hits the bog body.
The bog body resists.
The bog body is lightly damaged.
This staircase leads to a travel-excluded area!
Okay, then.
You hit the bog body but do no damage.
The bog body begins to glow.
You tail-slap the bog body.
The bog body is lightly damaged.
The bog body gestures at you while chanting.
The bolt of cold hits you!!
You barely miss the bog body.
The bog body is lightly damaged.
The bog body touches you but does no damage.
You hit the bog body.
The bog body glows dangerously bright.
The bog body is moderately damaged.
The bog body touches you but does no damage.
The bog body casts a spell at you. The bolt of cold hits you!
You hit the bog body.
The bog body shudders as magic cascades through it.
You tail-slap the bog body, but do no damage.
The bog body is moderately damaged.
The bog body touches you. The bog body freezes you!
You feel as though you will be slow longer.
* * * LOW HITPOINT WARNING * * *
You feel very mighty all of a sudden.
The bog body points at you and mumbles some strange words.
You feel as though you will be slow longer.
You hit the bog body.
The bog body begins to glow.
The bog body is heavily damaged.
The bog body touches you.
* * * LOW HITPOINT WARNING * * *
The bog body freezes you!
* * * LOW HITPOINT WARNING * * *
You barely miss the bog body. You tail-slap the bog body.
The bog body is heavily damaged.
The bog body points at you and mumbles some strange words.
The bolt of cold hits you!!
You die...

...........††........$..
............†...........
.................#.P#.##
.....P#.P.#.......###
.....##.###P.....##
..........##.....#
.....##...##.....#
.....#....##....n#
......#.P##.....p#
.....P# #......# .......
........# ........
.........
..................
...................
........<..........
..#P.......


You could see a bog body (contam).

Vanquished Creatures
  An ugly thing (D:8)
  A black mamba (Lair:1)
  6 cane toads (Lair:1)
  A rime drake (Lair:1)
  A komodo dragon (Lair:1)
  2 kobold demonologists (D:9)
  A polar bear (Lair:1)
  2 hornets
  Grinder (D:6)
  Prince Ribbit (D:5)
  2 shadows (D:9)
  3 wyverns
  2 steam dragons
  10 vampire mosquitoes
  Edmund (D:4)
  An acid dragon (D:7)
  4 water moccasins
  2 swamp drakes (Lair:1)
  An orc warrior (D:8)
  A black bear (D:6)
  6 ice beasts
  3 sky beasts
  3 ogres (D:7)
  5 wolves (Lair:2)
  7 centaurs
  A phantom (D:5)
  9 bullfrogs
  A kobold brigand (D:9)
  A gnoll sergeant (D:7)
  3 scorpions
  5 wights (D:7)
  13 killer bees
  A howler monkey (D:5)
  A hound (D:5)
  7 jellies
  3 orc priests
  A sleepcap (D:6)
  2 gnoll boudas
  5 iguanas
  7 orc wizards
  15 gnolls
  9 adders
  A shadow imp (D:7)
  A white imp (D:7)
  4 ufetubi
  2 worms
  2 dart slugs
  19 orcs
  7 endoplasms
  A giant cockroach (D:4)
  11 goblins
  8 hobgoblins
  6 jackals
  3 quokkas
  11 ball pythons
  7 bats
  3 frilled lizards (D:1)
  14 kobolds
  A rat (D:1)
253 creatures vanquished.

Vanquished Creatures (others)
  An orc (D:7)
  63 foxfires
64 creatures vanquished.

Grand Total: 317 creatures vanquished

Notes
Turn   | Place    | Note
-------+----------+-------------------------------------------
     0 | D:1      | Hubris850 the Draconian Shapeshifter began the quest for
                  | the Orb.
     0 | D:1      | Reached XP level 1. HP: 16/16 MP: 1/1
   143 | D:1      | Reached XP level 2. HP: 21/23 MP: 2/2
   487 | D:1      | Reached XP level 3. HP: 27/28 MP: 3/3
   615 | D:1      | Found a faded altar of an unknown god.
   886 | D:2      | Identified the +7 hand axe of the Messenger {protect, rElec
                  | rC- Int+7}
  1129 | D:2      | Reached XP level 4. HP: 24/35 MP: 4/4
  1425 | D:3      | Found Leellit's Antique Armour Boutique.
  1451 | D:3      | Found Doer's Magic Scroll Boutique.
  1464 | D:3      | Identified the +7 falchion of the Beloved God {speed,
                  | Fragile +Blink Will+}
  1508 | D:3      | Found Qionoa Naesi's Antique Armour Shop.
  1989 | D:3      | Reached XP level 5. HP: 32/40 MP: 5/5
  2032 | D:3      | Found a bloodstained altar of Trog.
  2033 | D:3      | Found a snail-covered altar of Cheibriados.
  2037 | D:3      | Found an ornate altar of the Wu Jian Council.
  2562 | D:4      | Noticed a water moccasin
  2578 | D:4      | Killed a water moccasin
  2579 | D:4      | Reached XP level 6. HP: 23/47 MP: 6/6
  2776 | D:4      | Reached skill level 5 in Unarmed Combat
  3032 | D:4      | Noticed Edmund
  3058 | D:4      | Killed Edmund
  3059 | D:4      | Reached skill level 5 in Shapeshifting
  3059 | D:4      | Your scales start taking on a dull iron-grey colour.
  3059 | D:4      | Reached XP level 7. HP: 16/52 MP: 7/7
  3451 | D:5      | Entered Level 5 of the Dungeon
  3687 | D:5      | Reached XP level 8. HP: 59/59 MP: 8/8
  3698 | D:5      | Learned a level 1 spell: Foxfire
  3775 | D:5      | Noticed Prince Ribbit
  3784 | D:5      | Killed Prince Ribbit
  4526 | D:6      | Noticed Grinder
  4536 | D:6      | Killed Grinder
  4537 | D:6      | Reached XP level 9. HP: 46/64 MP: 9/9
  5078 | D:6      | Found a glowing silver altar of Zin.
  5574 | D:7      | Identified a scroll of acquirement
  5574 | D:7      | Acquired the amulet "Izeg" {Reflect rPois rF+ rCorr Str+3
                  | SH+5}
  5759 | D:7      | Reached skill level 10 in Unarmed Combat
  5953 | D:7      | Found a staircase to the Ecumenical Temple.
  6042 | Temple   | Entered the Ecumenical Temple
  6062 | Temple   | Became a worshipper of Makhleb the Destroyer
  6129 | D:7      | Reached XP level 10. HP: 58/70 MP: 10/10
  6661 | D:7      | Reached skill level 10 in Shapeshifting
  6788 | D:7      | Reached skill level 1 in Spellcasting
  6788 | D:7      | Reached skill level 1 in Conjurations
  7067 | D:3      | Bought a jewelled cloak for 171 gold pieces
  7067 | D:3      | Identified the -1 cloak of Qois Puy {Stlth+} (You bought it
                  | in a shop on level 3 of the Dungeon)
  7395 | D:8      | Noticed a red ugly thing
  7496 | D:8      | Killed a brown ugly thing
  7497 | D:8      | Reached skill level 1 in Stealth
  7593 | D:8      | Found a staircase to the Lair.
  7641 | D:8      | Reached * piety under Makhleb
  8199 | D:9      | Reached skill level 5 in Dodging
  8517 | D:9      | Reached XP level 11. HP: 82/84 MP: 15/15
  8745 | Lair:1   | Entered Level 1 of the Lair of Beasts
  8813 | Lair:1   | Noticed an oklob plant
  9320 | Lair:1   | Reached skill level 1 in Invocations
  9491 | Lair:1   | Reached ** piety under Makhleb
  9523 | Lair:1   | Reached skill level 5 in Invocations
  9668 | Lair:1   | Noticed Jeremiah
  9671 | Lair:1   | Jeremiah changed into Jeremiah the hornet
  9671 | Lair:1   | Noticed Jeremiah
  9676 | Lair:1   | Killed Jeremiah the hornet
 10215 | Lair:2   | Noticed a bog body
 10220 | Lair:2   | Noticed a bog body
 10235 | Lair:2   | Killed from afar by a bog body

Illustrated notes

Levels and vault maps discovered:
D:1:      mainiacjoe_arrival_oval_in_oval, layout_basic,
          dreamdust_ecumenical_altar_grove, nrook_mini_backslash,
          serial_bayou_pond_c, minivault_14, minmay_misc_feat_iff, st_stairs_10,
          serial_park_tiny_2
D:2:      layout_basic, minmay_pentomino_o2
D:3:      layout_basic, minitemple, serial_shops, nicolae_shop_tiny_glass,
          nicolae_square_shop, shop
D:4:      cheibrodos_greedy_goblins, layout_loops_cross,
          hangedman_abyss_or_decor_stagger, hangedman_decor_points, uniq_edmund
D:5:      layout_basic, uniq_prince_ribbit1
D:6:      layout_basic, lemuel_coloured_pillars_altar, uniq_grinder
D:7:      minmay_s_stair_smasher, layout_basic, minmay_temple_entry_arrows,
          centaur_isle
D:8:      layout_cave_pools, lair_entry_dummy, serial_park_tiny_2, minivault_22,
          minmay_manual_mail
D:9:      layout_cave_pools
Temple:   nicolae_temple_no_exploring_needed
Lair:1:   layout_regular_city, pond, uniq_jeremiah
Lair:2:   layout_regular_city, skrybe_swamp_entry_bodies, serial_bayou_shore_b,
          lemuel_fruit_tree

Skill      XL: |  1  2  3  4  5  6  7  8  9 10 11 |
---------------+----------------------------------+-----
Dodging        | 2 3 4 6 8 |  8.0
Unarmed Combat | 4 5 6 8 10 | 10.2
Shapeshifting  | 4 5 6 7 9 10 | 10.0
Spellcasting   | 3 |  3.1
Conjurations   | 3 |  3.4
Fighting       | 4 |  4.0
Stealth        | 3 |  3.0
Invocations    | 6 |  6.3

Action                     |  1- 3 |  4- 6 |  7- 9 | 10-12 || total
---------------------------+-------+-------+-------+-------++-------
  Melee: Unarmed           |    56 |       |   131 |   393 ||   580
         Tailslap          |     8 |    10 |    54 |    71 ||   143
         Punch             |     1 |     5 |     2 |       ||     8
         Short sword       |    26 |       |       |       ||    26
         Hand axe          |    11 |     2 |       |       ||    13
         Falchion          |       |    90 |   155 |       ||   245
   Fire: Sling             |    25 |    10 |       |       ||    35
  Throw: Dart              |       |     6 |     9 |       ||    15
         Boomerang         |       |       |     6 |       ||     6
   Cast: Foxfire           |       |       |    10 |    24 ||    34
Ability: Begin Untransform |       |       |     1 |       ||     1
  Evoke: Wand              |       |       |     4 |     8 ||    12
    Use: Potion            |     1 |     3 |       |     2 ||     6
         Scroll            |       |       |     9 |     5 ||    14
   Stab: Sleeping          |     1 |     3 |       |       ||     4
         Invisible         |       |     1 |       |       ||     1
         Paralysed         |       |       |     3 |       ||     3
 Armour: Skin              |    60 |    47 |   200 |   325 ||   632
  Dodge: Dodged            |    78 |    42 |   176 |   312 ||   608
  Block: Other             |       |       |    10 |    92 ||   102
         Reflection        |       |       |       |     1 ||     1
   Form: Flux              |       |       |     1 |       ||     1

Table legend: (Time is in decaauts)
 A = Elapsed time spent in this place.
 B = Non-inter-level travel time spent in this place.
 C = Inter-level travel time spent in this place.
 D = Time resting spent in this place.
 E = Time spent auto-exploring this place.
 F = Levels seen in this place.
 G = Mean time per level.
                   A        B        C        D        E       F      G
               +--------+--------+--------+--------+--------+-----+--------+
         Total |  10135 |   9571 |    564 |   1430 |   6234 |  12 |  844.6 |
       Dungeon |   8643 |   8108 |    535 |   1111 |   5395 |   9 |  960.3 |
        Temple |     27 |     20 |      7 |      0 |      0 |   1 |   27.0 |
          Lair |   1464 |   1443 |     21 |    319 |    839 |   2 |  732.0 |
               +--------+--------+--------+--------+--------+-----+--------+

Top non-repeatable levels by time:
     D:7: 1625 daAuts
  Lair:1: 1350 daAuts
     D:4: 1112 daAuts
     D:6: 1077 daAuts
     D:8: 1048 daAuts
     D:3: 1023 daAuts
     D:1: 847 daAuts
     D:5: 846 daAuts
     D:2: 572 daAuts
     D:9: 490 daAuts
  Lair:2: 113 daAuts
  Temple: 27 daAuts
